Map: Tours du crépuscule

Players

Ethial - Winner!

  • Race: Zerg Zerg
  • League: Platinum

IA (très facile)

  • Race: Terran Terran

VOD

Have the link to the VOD?

Description

Time

  • Played on: Dec. 4, 2015, 2:32 a.m.
  • Length: 7:08
Show
View Real Time Build Order
Export as new Build Order

Ethial Zerg - Winner!

Build Orders: Hatch First 

Get SALT Encoding   

  12  0:01  Drone  
  13  0:07  Drone  
  14  0:17  Overlord  
  14  0:35  Drone x3  
  17  0:52  Hatchery  
  17  0:54  Drone  
  17  0:57  Drone  
  17  1:00  Extractor  
  17  1:07  Drone  
  18  1:16  Spawning Pool  
  17  1:20  Drone  
  18  1:29  Drone  
  19  1:40  Drone  
  20  1:50  Overlord  
  20  2:04  Queen x2  
  20  2:05  Zergling x4  
  20  2:08  Metabolic Boost  
  26  2:12  Drone  
  27  2:16  Drone  
  29  2:22  Drone  
  29  2:26  Drone  
  30  2:33  Drone  
  31  2:37  Overlord  
  31  2:42  Queen  
  33  2:45  Drone  
  33  2:47  Drone  
  35  2:55  Drone  
  36  3:00  Drone  
  37  3:06  Drone  
  37  3:10  Overlord  
  37  3:12  Drone x3  
  41  3:18  Overlord  
  41  3:19  Drone  
  43  3:20  Drone x2  
  44  3:30  Drone x2  
  46  3:36  Hatchery  
  46  3:38  Roach Warren  
  46  3:41  Drone x2, Extractor  
  46  3:42  Extractor  
  46  3:45  Drone x3  
  46  3:48  Drone  
  48  3:54  Drone x3  
  51  3:55  Lair  
  51  3:58  Overlord  
  51  4:07  Zergling x4  
  53  4:13  Zergling x2  
  53  4:14  Evolution Chamber x2  
  53  4:15  Zergling x6  
  53  4:16  Zergling x2  
  56  4:27  Zergling x8  
  60  4:36  Roach x2  
  64  4:40  Zerg Missile Weapons Level 1  
  64  4:41  Zerg Ground Armor Level 1  
  64  4:55  Glial Reconstitution  
  64  4:56  Roach x2  
  64  4:59  Overlord x3  
  68  5:01  Zergling x6  
  71  5:12  Roach  
  73  5:17  Roach x4  
  73  5:19  Roach x2  
  85  5:26  Roach x3  
  85  5:28  Zergling x2  
  92  5:29  Zergling x2  
  92  5:30  Zergling x2  
  92  5:32  Zergling x2  
  95  5:39  Overlord  
  95  5:40  Overlord  
  95  5:42  Overlord  
  94  5:58  Drone x9  
  103  6:25  Zergling x2  
  103  6:26  Zergling x20  
Show
View Real Time Build Order
Export as new Build Order

IA (très facile) Terran 

Build Orders: Reaper Expand 

Get SALT Encoding   

  12  0:00  SCV  
  13  0:13  SCV  
  14  0:19  Supply Depot  
  14  0:47  Barracks  
  14  1:03  Command Center  
  14  1:31  Supply Depot  
  14  1:34  Orbital Command  
  14  1:35  Marine  
  14  1:37  Refinery  
  15  1:49  Refinery  
  15  2:00  SCV  
  16  2:12  SCV  
  16  2:14  SCV  
  18  2:17  Reaper  
  19  2:24  SCV  
  19  2:28  SCV  
  21  2:36  SCV  
  22  2:43  SCV  
  23  2:50  SCV  
  24  2:51  Refinery  
  24  2:57  SCV  
  25  3:04  SCV  
  26  3:08  Marine  
  26  3:11  SCV  
  28  3:18  SCV  
  29  3:20  Factory  
  28  3:44  SCV, Refinery  
  29  3:51  SCV  
  30  3:57  Supply Depot  
  30  3:59  SCV, Barracks Tech Lab  
  31  4:06  SCV  
  31  4:08  Starport  
  32  4:13  SCV  
  32  4:17  Marine  
  33  4:20  SCV  
  35  4:27  SCV  
  36  4:35  SCV  
  37  4:39  Supply Depot  
  37  4:42  SCV  
  38  4:46  Starport Tech Lab  
  38  4:49  SCV  
  39  4:56  SCV  
  40  5:04  SCV, Raven  
  42  5:07  Marine  
  42  5:11  SCV  
  44  5:18  SCV  
  45  5:25  SCV  
  46  5:32  SCV  
  47  5:47  Raven  
  44  5:59  Marauder  
  44  6:01  Supply Depot  
  46  6:06  SCV  
  36  6:13  SCV  
  28  6:20  SCV  
  25  6:28  SCV  
Tags
 
Add a new tag
Caveats
  • Supply blocks, unpowered buildings, or Contaminate may cause inaccurate times.
  • Supply counts are checked every 10 seconds.